 Dungeon Crawl Stone Soup version 0.25.1-2-g60ff931df9 (webtiles) character file.

Game seed: 9124596994803067886

112 jedigorilla the Skirmisher (level 4, -2/55 HPs)
             Began as a Demonspawn Berserker on July 29, 2020.
             Was a Believer of Trog.
             Slain by an ufetubus (4 damage)
             ... summoned by Eustachio
             ... on level 4 of the Dungeon.
             The game lasted 00:10:26 (3382 turns).

jedigorilla the Skirmisher (Demonspawn Berserker)   Turns: 3382, Time: 00:10:27

Health: -2/55      AC:  2    Str: 19      XL:     4   Next: 64%
Magic:  0/4        EV: 12    Int:  8      God:    Trog [**....]
Gold:   209        SH:  0    Dex:  7 (12) Spells: 3/3 levels left

rFire    . . .     SeeInvis .   a - +1 hand axe
rCold    . . .     Gourm    .   (no shield)
rNeg     . . .     Faith    .   b - +0 animal skin
rPois    .         Spirit   +   (helmet restricted)
rElec    .         Reflect  .   (no cloak)
rCorr    .         Harm     .   (no gloves)
MR       .....                  (no boots)
Stlth    ..........             (no amulet)
HPRegen  0.18/turn              (no ring)
MPRegen  0.18/turn              (no ring)

@: berserking, very quick
A: horns 1, magic shield, magic regeneration
a: Berserk, Trog's Hand, Renounce Religion


You were on level 4 of the Dungeon.
You worshipped Trog.
Trog was pleased with you.
You were not hungry.

You visited 1 branch of the dungeon, and saw 4 of its levels.

You collected 209 gold pieces.

Inventory:

Hand Weapons
 a - a +1 hand axe (weapon)
 o - a +0 vorpal mace
Armour
 b - a +0 animal skin (worn)
Wands
 s - a wand of flame (9)
Scrolls
 d - 3 scrolls of immolation {unknown}
 e - a scroll of identify
 j - 3 scrolls of teleportation {unknown}
 l - 2 scrolls of magic mapping {unknown}
 p - a scroll of fear {unknown}
 r - a scroll of fog {unknown}
Potions
 f - a potion of cancellation
 g - 3 potions of haste
 h - a potion of flight {unknown}
 i - a potion of might {unknown}
 k - a potion of berserk rage {unknown}
 m - 3 potions of lignification {unknown}
 n - 5 potions of curing {unknown}
 q - a potion of invisibility {unknown}
Comestibles
 c - 5 rations


   Skills:
 + Level 4.2 Fighting
 + Level 3.5 Axes
 * Level 2.1 Armour
 + Level 2.3 Dodging
 + Level 0.4 Stealth


You had 3 spell levels left.
You didn't know any spells.
Your spell library was empty.

Dungeon Overview and Level Annotations

Branches:
Dungeon (4/15)
 Temple: D:4-7

Altars:
Dithmenos
Elyvilon
Fedhas
Gozag
Kikubaaqudgha
Makhleb
Qazlal
Ru
The Shining One

Annotations:
D:4 Eustachio


Innate Abilities, Weirdness & Mutations

You have a pair of small horns on your head.
When hurt, damage is shared between your health and your magic reserves.
You regenerate magic rapidly.


Message History

The quasit claws you but does no damage. x2
You closely miss Eustachio. Your headbutt misses Eustachio.
Eustachio is heavily wounded.
You closely miss the quasit. You hit the shadow imp.
The quasit barely misses you. x3; Eustachio hits you with a +0 falchion.
* * * LOW HITPOINT WARNING * * *
The shadow imp hits you.
* * * LOW HITPOINT WARNING * * *
You hit Eustachio.
Eustachio is severely wounded.
You hit the quasit. You slash the shadow imp!
You kill the shadow imp!
The quasit bites you but does no damage.
The quasit claws you.
* * * LOW HITPOINT WARNING * * *
You feel clumsy. The quasit barely misses you.
Eustachio mumbles some strange words.
The ufetubus completely misses you. The ufetubus hits you.
You die...

.# #.# #.# #.#
#.# ##########b##
.......5rr..#####
#..5@@......###
#.####..##.... #
#..##..#
#..##<.####.#
#...........#
#.###..###### #.#
#..# ..# #..#
#### #..#


You could see Eustachio, a quasit (summoned), an ufetubus (summoned), a bat
(summoned) and 2 rats.

Vanquished Creatures
  3 gnolls (D:3)
  An adder (D:2)
  An adder skeleton (D:4)
  2 dart slugs (D:1)
  A leopard gecko (D:3)
  6 orcs (D:3)
  5 giant cockroaches
  5 goblins
  9 hobgoblins
  6 jackals
  2 quokkas
  5 bats
  A frilled lizard (D:1)
  A kobold (D:3)
  7 rats
55 creatures vanquished.

Notes
Turn   | Place    | Note
-------+----------+-------------------------------------------
     0 | D:1      | jedigorilla the Demonspawn Berserker began the quest for
                  | the Orb.
     0 | D:1      | Reached XP level 1. HP: 18/18 MP: 1/1
   222 | D:1      | Gained mutation: When hurt, damage is shared between your
                  | health and your magic reserves. [demonic ancestry]
   222 | D:1      | Reached XP level 2. HP: 23/24 MP: 2/2
  1175 | D:2      | Gained mutation: You regenerate magic rapidly. [demonic
                  | ancestry]
  1175 | D:2      | Reached XP level 3. HP: 25/30 MP: 3/3
  1217 | D:2      | Found a shadowy altar of Dithmenos.
  1218 | D:2      | Found a white marble altar of Elyvilon.
  1220 | D:2      | Found a burning altar of Makhleb.
  1220 | D:2      | Found an ancient bone altar of Kikubaaqudgha.
  1222 | D:2      | Found an opulent altar of Gozag.
  1222 | D:2      | Found a stormy altar of Qazlal.
  1229 | D:2      | Found a sacrificial altar of Ru.
  1440 | D:2      | Found a glowing golden altar of the Shining One.
  1761 | D:3      | Reached ** piety under Trog
  2361 | D:3      | Gained mutation: You have a pair of small horns on your
                  | head. [demonic ancestry]
  2361 | D:3      | Reached XP level 4. HP: 34/37 MP: 4/4
  2548 | D:3      | Reached skill level 4 in Fighting
  3258 | D:3      | Found a blossoming altar of Fedhas.
  3364 | D:4      | Noticed Eustachio
  3382 | D:4      | HP: 2/55 [quasit[Eustachio] (2)]
  3382 | D:4      | Slain by an ufetubus

Illustrated notes

Levels and vault maps discovered:
D:1:      wander_arrival_peaceful_grave, layout_loops_cross, minmay_pentomino_r2
D:2:      layout_basic, grunt_temple_overflow_open, tso_metal_star
D:3:      layout_rooms, lemuel_doored_altar, chequers_jeans,
          minmay_tree_intersection, grunt_decor_cap
D:4:      layout_loops_ring, grunt_temple_overflow_order_and_chaos_1,
          led_sif_book, minmay_temple_entry_grid, first_ration,
          uniq_blork_the_orc, uniq_eustachio

Skill      XL: |  1  2  3  4 |
---------------+-------------+-----
Axes           | 3 |  3.5
Armour         | 2 |  2.1
Dodging        | 2 |  2.3
Fighting       | 4 |  4.2
Stealth        | |  0.4

Action                   |  1- 3 |  4- 6 || total
-------------------------+-------+-------++-------
Melee: Hand axe          |   118 |    58 ||   176
       Headbutt          |       |    10 ||    10
Invok: Berserk           |     1 |     1 ||     2
  Use: Scroll            |     3 |       ||     3
       Potion            |     2 |       ||     2
 Stab: Sleeping          |     1 |       ||     1
  Eat: Chunk             |     3 |       ||     3
       Ration            |     1 |     1 ||     2
Armor: Animal skin       |    22 |     9 ||    31
Dodge: Dodged            |   105 |    45 ||   150
